 Dungeon Crawl Stone Soup version 0.23-a0-333-g006994f (webtiles) character file.

13658 iamserjio the Geomancer (level 11, -11/55 HPs)
             Began as a Deep Elf Earth Elementalist on Oct 17, 2018.
             Was an Elder of Vehumet.
             Blown up by an eye of devastation (shapeshifter) (30 damage)
             ... with a bolt of energy
             ... on level 13 of the Dungeon.
             The game lasted 00:28:07 (11952 turns).

iamserjio the Geomancer (DEEE)                     Turns: 11952, Time: 00:28:07

Health: -11/55     AC:  8    Str:  5    XL:     11   Next: 78%
Magic:  7/29       EV: 19    Int: 24    God:    Vehumet [****..]
Gold:   567        SH:  4    Dex: 15    Spells: 23/34 levels left

rFire    + . .     SeeInvis .   i - +1 whip (elec)
rCold    + . .     Gourm    .   L - +0 buckler
rNeg     . . .     Faith    .   F - +2 robe {rF+}
rPois    .         Spirit   .   C - +2 hat {MR+}
rElec    .         Reflect  .   P - +0 cloak
rCorr    .         Harm     .   G - +0 pair of gloves
MR       ++...                  (no boots)
Stlth    ++........             (no amulet)
HPRegen  0.18/turn              r - ring of protection from cold
MPRegen  0.21/turn              (no ring)

@: no status effects
A: no striking features
a: Renounce Religion


You were on level 13 of the Dungeon.
You worshipped Vehumet.
Vehumet was greatly pleased with you.
You were not hungry.

You visited 2 branches of the dungeon, and saw 14 of its levels.

You collected 810 gold pieces.
You spent 243 gold pieces at shops.

Inventory:

Hand Weapons
 i - a +1 whip of electrocution (weapon)
Missiles
 b - 107 stones (quivered)
 h - 230 arrows
Armour
 u - a +0 troll leather armour
 C - a +2 hat of magic resistance (worn)
 F - a +2 robe of fire resistance (worn)
 G - a +0 pair of gloves (worn)
 L - a +0 buckler (worn)
 P - a +0 cloak (worn)
Magical Staves
 c - an uncursed staff of death
Jewellery
 r - a ring of protection from cold (left hand)
 E - an uncursed ring of see invisible
 K - an uncursed ring of fire
Wands
 m - a wand of acid (21)
 q - a wand of flame (46)
 x - a wand of digging (32)
 B - a wand of clouds (6)
 I - a wand of polymorph (11)
Scrolls
 a - 2 scrolls of fear
 e - 2 scrolls of immolation
 n - 3 scrolls of amnesia
 o - a scroll of enchant armour
 p - 6 scrolls of remove curse {@r2}
 t - 3 scrolls of blinking
 w - 3 scrolls of enchant weapon
 y - 6 scrolls of teleportation
 z - 3 scrolls of fog
 H - 2 scrolls of magic mapping
 Q - a scroll of acquirement
Potions
 f - 3 potions of might
 g - 3 potions of heal wounds
 j - 2 potions of brilliance {unknown}
 k - 4 potions of agility
 l - 3 potions of mutation {unknown}
 s - a potion of resistance
 v - 2 potions of curing {@q1}
 A - 2 potions of flight {unknown}
 D - 3 potions of lignification
 N - a potion of magic {unknown}
Miscellaneous
 M - a lamp of fire
Comestibles
 d - 24 rations
 J - 12 chunks of flesh


   Skills:
 + Level 0.6 Fighting
 - Level 11.1 Dodging
 - Level 2.4 Stealth
 + Level 0.7 Shields
 + Level 12.4 Spellcasting
 - Level 3.0 Conjurations
 - Level 1.1 Transmutations
 * Level 14.4 Earth Magic
 + Level 1.0 Evocations


You had 23 spell levels left.
You knew the following spells:

 Your Spells              Type           Power        Failure   Level  Hunger
a - Sandblast             Erth           ######       0%          1    None
b - Stone Arrow           Conj/Erth      ######       1%          3    None
c - Lee's Rapid Deconstr  Erth           ######....   1%          5    ###....
d - Passwall              Tmut/Erth      ######..     1%          2    None

Your spell library contained the following spells:

 Spells                   Type           Power        Failure   Level  Hunger
 Ignite Poison            Fire/Tmut/Pois ###.....     4%          3    None
 Magic Dart               Conj           ####         1%          1    None
 Searing Ray              Conj           ####..       1%          2    None
 Dazzling Spray           Conj/Hex       ###...       2%          3    None
 Petrify                  Tmut/Erth      ######..     2%          4    None
 Iskenderun's Mystic Bla  Conj           ####....     5%          4    None
 Force Lance              Conj/Tloc      ###.....     9%          4    None
 Fulminant Prism          Conj/Hex       ###.......   9%          4    None


Dungeon Overview and Level Annotations

Branches:
Dungeon (13/15)            Temple (1/1) D:4            Lair (0/6) D:8
    Orc (0/2) D:12
 Vaults: D:13-14

Altars:
Ashenzari
Cheibriados
Dithmenos
Fedhas
Gozag
Hepliaklqana
Kikubaaqudgha
Makhleb
Nemelex Xobeh
Okawaru
Qazlal
Ru
Sif Muna
Trog
Uskayaw
Vehumet
Wu Jian
Xom
Yredelemnul
Zin
The Shining One

Shops:
D:4 *!!**   D:10 %   D:12 (

Annotations:
D:4 2 transporters, soark's ghost, novice DECj


Message History

The floor.
You hear a shout!
The centaur shoots an arrow.
The arrow hits you but does no damage.
You see here an arrow.
The eye of devastation gazes at you. The bolt of energy hits you!
Ouch! That really hurt!
The centaur shoots an arrow.
The arrow closely misses you.
Found a jewelled mace.
Casting: Sandblast (safe; 0% risk of failure)
Aiming: Sandblast (safe; 0% risk of failure)
Aim: an eye of devastation The blast of sand hits the eye of devastation.
b - 107 stones The centaur shoots an arrow.
The arrow closely misses you.
A centaur comes into view.
The eye of devastation gazes at you. The bolt of energy hits you!
Ouch! That really hurt!
You die...

#########+#....#
...................#
).....#............#
......#.......)....#
...................#
..............)....#
........(......##..#
..........(....##..#
.......@(......##..#
............)..##..#
....G..............#
...................#
...................#
######c............#
#.............#
c.............#
.............#


You could see an eye of devastation and 2 centaurs.

Vanquished Creatures
  A hydra (D:10)
  Erica (D:9)
  3 two-headed ogres (D:12)
  An unseen horror (D:12)
  Pikel (D:7)
  An orb spider (D:10)
  Maurice (D:8)
  A tengu conjurer (D:10)
  2 trolls
  2 hippogriffs
  A shadow (D:11)
  A wraith (D:10)
  A wyvern (D:5)
  6 yaks
  Grum (D:8)
  A golden eye (shapeshifter) (D:13)
  3 wargs (D:8)
  A water moccasin (D:11)
  9 orc warriors
  3 sky beasts
  An eye of draining (D:10)
  4 ice beasts
  2 phantoms
  A black bear (shapeshifter) (D:13)
  4 slaves (D:7)
  2 wolves (D:8)
  4 centaurs
  3 ogres
  2 big kobolds
  2 crocodiles
  7 bullfrogs
  A wyvern skeleton (D:6)
  2 scorpions
  A water moccasin skeleton (D:10)
  4 killer bees (D:11)
  A howler monkey (D:4)
  4 wights (D:7)
  6 crimson imps
  3 bullfrog zombies
  A quasit (D:11)
  7 hounds
  A jelly (D:12)
  8 orc priests
  3 centaur skeletons
  10 orc wizards
  2 iguanas
  2 bullfrog skeletons
  9 worker ants
  A hound zombie (D:6)
  3 hound skeletons
  A howler monkey skeleton (D:4)
  3 worker ant zombies
  16 adders
  2 oozes
  3 adder zombies
  4 worms
  6 leopard geckos
  42 orcs
  4 ball pythons
  A giant cockroach (D:4)
  4 goblins
  8 hobgoblins
  10 jackals
  14 kobolds
  3 quokkas
  8 bats
  4 frilled lizards
  A giant cockroach zombie (D:6)
  A jackal zombie (D:4)
  A quokka skeleton (D:6)
  6 rats
284 creatures vanquished.

Notes
Turn   | Place    | Note
-------+----------+-------------------------------------------
     0 | D:1      | iamserjio the Deep Elf Earth Elementalist began the quest
                  | for the Orb.
     0 | D:1      | Reached XP level 1. HP: 10/10 MP: 6/6
    95 | D:1      | Reached XP level 2. HP: 14/15 MP: 2/8
   589 | D:1      | Reached skill level 4 in Earth Magic
   763 | D:2      | Reached XP level 3. HP: 19/19 MP: 7/10
  1216 | D:2      | Reached XP level 4. HP: 24/24 MP: 9/11
  1299 | D:2      | Learned a level 3 spell: Stone Arrow
  1759 | D:3      | Found a shadowy altar of Dithmenos.
  1797 | D:3      | Reached skill level 1 in Conjurations
  1797 | D:3      | Reached skill level 5 in Earth Magic
  1797 | D:3      | Reached XP level 5. HP: 28/28 MP: 1/13
  2064 | D:4      | Found a staircase to the Ecumenical Temple.
  2086 | Temple   | Entered the Ecumenical Temple
  2396 | Temple   | Became a worshipper of Vehumet
  2499 | D:4      | Reached XP level 6. HP: 32/32 MP: 6/15
  2607 | D:4      | Reached skill level 5 in Spellcasting
  2610 | D:4      | Found Conoseh's Distillery.
  2630 | D:4      | Reached skill level 6 in Earth Magic
  2713 | D:4      | Found a transporter.
  2716 | D:4      | Bought a potion of agility for 44 gold pieces
  2716 | D:4      | Bought a potion of curing for 33 gold pieces
  2716 | D:4      | Bought a potion of might for 44 gold pieces
  2752 | D:4      | Found Dises's General Store.
  2755 | D:4      | Bought a scroll of identify for 20 gold pieces
  3226 | D:4      | Found Ruiliopp's General Store.
  3230 | D:4      | Found Yrhyviti's Distillery.
  3263 | D:4      | Bought a scroll of teleportation for 36 gold pieces
  3263 | D:4      | Bought a scroll of fog for 24 gold pieces
  3270 | D:4      | Bought a potion of lignification for 42 gold pieces
  3306 | D:4      | Noticed soark's ghost (novice DECj)
  3316 | D:4      | Found a transporter.
  3366 | D:4      | Found Ugrijouck's General Store.
  3523 | D:4      | Learned a level 5 spell: Lee's Rapid Deconstruction
  3534 | D:5      | Entered Level 5 of the Dungeon
  3595 | D:5      | Noticed an ice beast
  3600 | D:5      | Killed an ice beast
  3600 | D:5      | Reached XP level 7. HP: 36/36 MP: 8/17
  3779 | D:5      | Reached * piety under Vehumet
  3779 | D:5      | Offered knowledge of Flame Tongue by Vehumet.
  3780 | D:5      | Reached skill level 5 in Dodging
  4083 | D:5      | Noticed a wyvern
  4088 | D:5      | Reached skill level 7 in Earth Magic
  4118 | D:5      | HP: 1/36 [wyvern (18)]
  4121 | D:5      | Killed a wyvern
  4501 | D:6      | Reached XP level 8. HP: 16/41 MP: 2/19
  4719 | D:6      | Found a sacrificial altar of Ru.
  4826 | D:6      | Reached skill level 8 in Earth Magic
  4858 | D:6      | Found an opulent altar of Gozag.
  5221 | D:6      | Found a sacrificial altar of Ru.
  5700 | D:7      | Offered knowledge of Shock by Vehumet.
  5722 | D:7      | Reached skill level 9 in Earth Magic
  5730 | D:7      | Noticed Pikel
  5878 | D:7      | Killed Pikel
  5878 | D:7      | Reached XP level 9. HP: 10/45 MP: 1/23
  6308 | D:7      | Reached ** piety under Vehumet
  6556 | D:7      | Reached skill level 10 in Earth Magic
  6884 | D:7      | Lost strength.
  7008 | D:8      | Noticed Grum
  7017 | D:8      | Killed Grum
  7106 | D:8      | Noticed Maurice
  7110 | D:8      | Killed Maurice
  7114 | D:8      | Reached skill level 11 in Earth Magic
  7266 | D:8      | Found a staircase to the Lair.
  7423 | D:8      | Offered knowledge of Mephitic Cloud by Vehumet.
  7590 | D:9      | Noticed Erica
  7593 | D:9      | Killed Erica
  7593 | D:9      | Reached XP level 10. HP: 33/50 MP: 9/25
  7784 | D:9      | Reached skill level 10 in Spellcasting
  8446 | D:10     | Entered Level 10 of the Dungeon
  8451 | D:10     | Reached *** piety under Vehumet
  8461 | D:9      | Reached skill level 12 in Earth Magic
  8824 | D:10     | Found Zarghen's Food Emporium.
  8936 | D:10     | Noticed an eight-headed hydra
  8943 | D:10     | Killed an eight-headed hydra
  9206 | D:10     | Reached skill level 10 in Dodging
  9379 | D:10     | Offered knowledge of Airstrike by Vehumet.
  9403 | D:10     | Noticed an orb spider
  9406 | D:10     | Killed an orb spider
  9576 | D:10     | Reached skill level 13 in Earth Magic
  9576 | D:10     | Reached XP level 11. HP: 52/54 MP: 10/28
 10258 | D:11     | Reached **** piety under Vehumet
 10380 | D:11     | Offered knowledge of Ignite Poison by Vehumet.
 10759 | D:11     | Learned a level 2 spell: Passwall
 10773 | D:12     | Noticed an unseen horror
 10824 | D:12     | Noticed a two-headed ogre
 10826 | D:12     | Noticed a two-headed ogre
 10899 | D:12     | Killed a two-headed ogre
 10979 | D:12     | Killed an unseen horror
 11102 | D:12     | Found a staircase to the Orcish Mines.
 11114 | D:12     | Noticed a two-headed ogre
 11122 | D:12     | Killed a two-headed ogre
 11122 | D:12     | Reached skill level 14 in Earth Magic
 11168 | D:12     | Killed a two-headed ogre
 11379 | D:12     | Found Suwk's Antique Weapon Emporium.
 11658 | D:12     | Identified a scroll of acquirement
 11944 | D:13     | Reached skill level 1 in Evocations
 11952 | D:13     | Blown up by an eye of devastation (shapeshifter)

Vault maps used:
D:1:      minmay_arrival_diagonal_passages
D:2:      first_ration, minmay_misc_feat_cross
D:3:      nicolae_dithmenos_shadow_blocks
D:4:      minmay_temple_entry_mist, serial_shops, nicolae_shop_stone,
          kennysheep_little_box, shop, nicolae_shop_stone, shop_coins,
          gammafunk_ghost_smash, small_statue_intersection
D:6:      nicolae_overflow_crystal_walls, basic_altar, minmay_misc_feat_five,
          serial_bayou_pond_d, st_stairs_10, minmay_misc_feat_x,
          nicolae_ru_awakened_eye
D:7:      kennysheep_spiral_hall, uniq_pikel
D:8:      erik_lair_orcish_takeover, uniq_maurice, uniq_grum
D:9:      uniq_erica
D:10:     serial_shops, shop, grunt_tengu_nest, st_stairs_13
D:12:     orc_0_dummy, serial_shops, nicolae_shop_competitors_out_of_business
Temple:   regret_index_temple_sigil_plot

Skill      XL: |  1  2  3  4  5  6  7  8  9 10 11 |
---------------+----------------------------------+-----
Earth Magic    | 4 5 6 7 9 11 13 14 | 14.4
Dodging        | 3 4 5 7 9 10 11 | 11.1
Spellcasting   | 4 5 6 8 9 11 12 | 12.4
Conjurations   | 1 2 3 |  3.0
Evocations     | 1 |  1.0
Fighting       | |  0.6
Stealth        | |  2.4
Shields        | |  0.7
Transmutations | |  1.1

Action                   |  1- 3 |  4- 6 |  7- 9 | 10-12 || total
-------------------------+-------+-------+-------+-------++-------
Melee: Unarmed           |     1 |     2 |    17 |       ||    20
       Whip              |       |       |     7 |    28 ||    35
 Cast: Sandblast         |    44 |    59 |   101 |   113 ||   317
       Stone Arrow       |       |    18 |    36 |    76 ||   130
       Lee's Rapid Decon |       |       |    16 |    30 ||    46
Evoke: Wand              |       |       |       |     4 ||     4
  Use: Scroll            |       |     4 |     8 |     4 ||    16
       Potion            |       |       |     2 |     1 ||     3
 Stab: Sleeping          |       |       |     2 |     1 ||     3
  Eat: Chunk             |     1 |     6 |    13 |    18 ||    38
       Ration            |       |       |     1 |       ||     1
Armor: Robe              |     2 |     3 |    12 |    25 ||    42
Dodge: Dodged            |    15 |    30 |    39 |    71 ||   155
Block: Buckler           |       |       |       |     1 ||     1

Table legend:
 A = Non-vault XP
 B = Vault XP
 C = Vault XP percentage of total XP
 D = Non-vault monster count
 E = Vault monster count
 F = Vault count percentage of total count
                 A         B        C        D         E       F
            +---------+---------+-------+---------+---------+-------
      Total |   15808 |    3704 |  19.0 |     258 |      22 |   7.9
            +---------+---------+-------+---------+---------+-------
        D:1 |      38 |       0 |   0.0 |      19 |       0 |   0.0
        D:2 |      75 |       0 |   0.0 |      21 |       0 |   0.0
        D:3 |     135 |       0 |   0.0 |      22 |       0 |   0.0
        D:4 |     472 |       0 |   0.0 |      16 |       0 |   0.0
        D:5 |     640 |       0 |   0.0 |      15 |       0 |   0.0
        D:6 |     823 |      52 |   5.9 |      26 |       2 |   7.1
        D:7 |     760 |     694 |  47.7 |      14 |       4 |  22.2
        D:8 |     299 |    1488 |  83.3 |      12 |      12 |  50.0
        D:9 |     878 |     892 |  50.4 |      14 |       1 |   6.7
       D:10 |    3429 |     578 |  14.4 |      34 |       3 |   8.1
       D:11 |    2330 |       0 |   0.0 |      27 |       0 |   0.0
       D:12 |    4853 |       0 |   0.0 |      25 |       0 |   0.0
       D:13 |    1076 |       0 |   0.0 |      13 |       0 |   0.0
            +---------+---------+-------+---------+---------+-------
